 Dungeon Crawl Stone Soup version 0.28-a0-1518-gbe868bca14 (webtiles) character file.

Game seed: 1767200432372529812

166 psuckher the Digger (level 5, 0/28 HPs)
             Began as a Gargoyle Earth Elementalist on Jan 16, 2022.
             Was a Follower of the Shining One.
             Slain by an ogre (19 damage)
             ... on level 4 of the Dungeon.
             The game lasted 00:23:42 (3231 turns).

psuckher the Digger (Gargoyle Earth Elementalist)   Turns: 3231, Time: 00:23:42

Health: 0/28       AC: 13    Str: 12    XL:     5   Next: 47%
Magic:  9/9        EV: 12    Int: 23    God:    the Shining One [*.....]
Gold:   203        SH:  0    Dex: 10    Spells: 7/10 levels left

rFire   + . .      SeeInvis .   d - +1 short sword (protect)
rCold   + . .      Faith    .   (no shield)
rNeg    + . .      Spirit   .   b - +0 robe
rPois   ∞          Reflect  .   (no helmet)
rElec   +          Harm     .   l - scarf {rC+ rF+}
rCorr   .          Rampage  .   (no gloves)
Will    .....                   (no boots)
Stlth   +.........              (no amulet)
HPRegen 0.09/turn               i - +6 ring of intelligence
MPRegen 0.11/turn               (no ring)

@: under a protective aura, glowing
A: sickness immunity, AC +4, negative energy resistance 1, electricity
resistance, torment resistance 1, petrification resistance
a: Renounce Religion, Divine Shield


You were on level 4 of the Dungeon.
You worshipped the Shining One.
The Shining One was aware of your devotion.
You visited 1 branch of the dungeon, and saw 4 of its levels.

You collected 276 gold pieces.
You spent 73 gold pieces at shops.

Inventory:

Hand Weapons
 a - a +0 dagger
 d - a +1 short sword of protection (weapon)
Missiles
 c - 105 stones
Armour
 b - a +0 robe (worn)
 l - a scarf of resistance (worn)
Jewellery
 i - a +6 ring of intelligence (left hand)
 m - a ring of fire
Scrolls
 j - a scroll of immolation
 n - a scroll of teleportation {unknown}
 o - a scroll of noise
 p - a scroll of blinking
Potions
 e - a potion of mutation
 f - a potion of ambrosia {unknown}
 g - a potion of cancellation {unknown}
 h - 2 potions of haste {unknown}
 k - 2 potions of heal wounds
 q - a potion of brilliance {unknown}
 r - a potion of flight {unknown}
 s - a potion of might {unknown}


   Skills:
 + Level 0.8 Fighting
 + Level 1.3 Short Blades
 + Level 2.0 Dodging
 + Level 2.7 Stealth
 + Level 3.3 Spellcasting
 + Level 0.9 Transmutations
 + Level 5.0 Earth Magic


You had 7 spell levels left.
You knew the following spells:

 Your Spells              Type           Power      Damage    Failure   Level
a - Sandblast             Erth           52%        2d12      1%          1
b - Passwall              Tmut/Erth      14%        N/A       4%          2

Your spell library contained the following spells:

 Spells                   Type           Power      Damage    Failure   Level
 Magic Dart               Conj           12%        1d3       12%         1
 Stone Arrow              Conj/Erth      30%        3d8       12%         3
 Call Imp                 Summ           3%         N/A       17%         2
 Ignite Poison            Fire/Tmut/Pois 5%         N/A       30%         3
 Petrify                  Tmut/Erth      17%        N/A       32%         4
 Mephitic Cloud           Conj/Pois/Air  3%         N/A       34%         3
 Freezing Cloud           Conj/Ice/Air   1%         6-21      97%         5


Dungeon Overview and Level Annotations

Branches:
Dungeon (4/15)
 Temple: D:4-7

Altars:
Gozag
Okawaru
Yredelemnul
Zin
The Shining One

Shops:
D:1 (   D:3 [([[


Innate Abilities, Weirdness & Mutations

You are immune to sickness and miasma.
Your stone body is resilient. (AC +4)
You are immune to poison.
You resist negative energy. (rN+)
You are resistant to electric shocks. (rElec)
You are resistant to unholy torment.
You are immune to petrification.


Message History

A kobold comes into view. It is wielding a +0 dagger.
You hit the kobold but do no damage.
Your weapon exudes an aura of protection.
The kobold closely misses you.
You hit the kobold.
You kill the kobold!
s - a purple potion
Things that are here:
a +0 dagger; a kobold corpse
Found 6 poisoned darts.
You see here 6 poisoned darts.
An orc comes into view. It is wielding a +0 hand axe.
The orc shouts!
The orc hits you with a +0 hand axe.
You hit the orc.
Your weapon exudes an aura of protection.
The orc is heavily wounded.
The orc hits you but does no damage.
You hit the orc.
The orc is almost dead.
The orc hits you but does no damage.
You barely miss the orc.
The orc is almost dead.
The orc barely misses you.
You hit the orc.
You kill the orc!
Things that are here:
a +0 hand axe; an orc corpse
Found 10 gold pieces.
An ogre comes into view. It is wielding a +0 giant club.
Found a twisted jade ring.
The ogre shouts!
A ball python comes into view.
The ball python hisses angrily.
The ogre hits you with a +0 giant club!
You hit the ogre but do no damage.
Your weapon exudes an aura of protection.
The ogre hits you with a +0 giant club!!
Ouch! That really hurt!
You die...

# #.# #.# #.#
#.#.# #.# #.#
#.#$# #.#
#.#.###### #.#
#####........#
#.#
........####.#
#.# #######.#
#.# #.#
........# #.#
#.# .....S.@#
#.# #.#
.......O# #.#
#.# ##
........#
#.#########.#
.# ........#
#....).....(#
.# .....=..#
#############
.# ........#
.# ........#
.# ........#
.#


You could see an ogre and a ball python.

Vanquished Creatures
  A hound (D:4)
  Natasha (twice) (D:2)
  3 adders
  An orc (D:4)
  5 ball pythons
  7 endoplasms
  2 giant cockroaches
  4 goblins
  5 hobgoblins
  6 jackals (D:1)
  3 quokkas (D:1)
  7 bats
  2 frilled lizards
  3 kobolds
  A rat (D:2)
52 creatures vanquished.

Vanquished Creatures (others)
  3 fungi (D:3)
3 creatures vanquished.

Grand Total: 55 creatures vanquished

Notes
Turn   | Place    | Note
-------+----------+-------------------------------------------
     0 | D:1      | psuckher the Gargoyle Earth Elementalist began the quest
                  | for the Orb.
     0 | D:1      | Reached XP level 1. HP: 10/10 MP: 3/3
    96 | D:1      | Found Derenido's Antique Weapon Shoppe.
   138 | D:1      | Reached XP level 2. HP: 7/15 MP: 1/5
   140 | D:1      | Reached skill level 4 in Earth Magic
   172 | D:1      | Learned a level 2 spell: Passwall
   198 | D:1      | Found a faded altar of an unknown god.
   212 | D:1      | Prayed at the altar of an unknown god.
   212 | D:1      | Became a worshipper of the Shining One
   212 | D:1      | Reached * piety under the Shining One
   594 | D:1      | Reached XP level 3. HP: 14/19 MP: 3/6
   976 | D:2      | Noticed Natasha
   994 | D:2      | Killed Natasha
   995 | D:2      | Reached XP level 4. HP: 19/24 MP: 2/7
  1101 | D:2      | Noticed Natasha
  1114 | D:2      | HP: 1/24 [giant cockroach (2)]
  1124 | D:2      | Killed Natasha
  1167 | D:2      | Reached skill level 1 in Short Blades
  1598 | D:3      | Found a glowing silver altar of Zin.
  1669 | D:3      | Found Keigut's Weapon Boutique.
  1743 | D:3      | Bought 9 stones for 12 gold pieces
  1743 | D:3      | Bought 24 stones for 33 gold pieces
  1743 | D:3      | Bought 20 stones for 28 gold pieces
  1764 | D:3      | Found Zazxat's Armour Boutique.
  1877 | D:3      | Found a basalt altar of Yredelemnul.
  1888 | D:3      | Found Nyoj Xipuu's Armour Shop.
  2232 | D:3      | Found Ileakeam's Armour Shoppe.
  2350 | D:3      | Found an iron altar of Okawaru.
  2350 | D:3      | Found an opulent altar of Gozag.
  2799 | D:4      | Reached XP level 5. HP: 28/28 MP: 7/9
  3074 | D:4      | Reached skill level 5 in Earth Magic
  3227 | D:4      | Noticed an ogre
  3231 | D:4      | Slain by an ogre

Illustrated notes

Levels and vault maps discovered:
D:1:      wander_arrival_estate, layout_rooms,
          shapermc_ecumenical_altar_notcrosses, serial_shops, shop,
          serial_corexii_hall, corexii_hall_statues_t, corexii_hall_statues_u,
          palyth_stone_intersect
D:2:      layout_rooms, uniq_natasha
D:3:      layout_loops_ring, mainiacjoe_overflow_chevrons,
          chequers_temple_overflow_statue_of_worship, serial_shops,
          nicolae_shop_advertising_works [nicolae_subvault_shop_adworks],
          nicolae_shop_statue_plus, shop, nicolae_shop_bloodbath_and_beyond,
          serial_co_window_serial, co_window_paths_b, co_window_cross_1,
          co_window_cross_1, co_window_corner_a, co_window_paths_a,
          co_window_2corner, co_window_unsneaky_path_d, co_window_corner_cb,
          co_window_corner_ca, glass_columns_c, glass_columns_a,
          glass_columns_a, item_on_display_a
D:4:      layout_basic

Skill      XL: |  1  2  3  4  5 |
---------------+----------------+-----
Earth Magic    | 4 5 |  5.0
Short Blades   | 1 |  1.3
Spellcasting   | 3 |  3.3
Dodging        | 2 |  2.0
Fighting       | |  0.8
Stealth        | |  2.7
Transmutations | |  0.9

Action                   |  1- 3 |  4- 6 || total
-------------------------+-------+-------++-------
Melee: Dagger            |    59 |    17 ||    76
       Unarmed           |     5 |       ||     5
       Punch             |     1 |     2 ||     3
       Short sword       |       |    64 ||    64
 Cast: Sandblast         |    24 |    14 ||    38
       Passwall          |     1 |     9 ||    10
  Use: Scroll            |       |     6 ||     6
       Potion            |       |     1 ||     1
Armor: Robe              |    37 |    37 ||    74
Dodge: Dodged            |    79 |    66 ||   145

Table legend: (Time is in decaauts)
 A = Elapsed time spent in this place.
 B = Non-inter-level travel time spent in this place.
 C = Inter-level travel time spent in this place.
 D = Time resting spent in this place.
 E = Time spent auto-exploring this place.
 F = Levels seen in this place.
 G = Mean time per level.
                   A        B        C        D        E       F      G
               +--------+--------+--------+--------+--------+-----+--------+
         Total |   3229 |   2878 |    351 |      0 |      0 |   4 |  807.2 |
       Dungeon |   3229 |   2878 |    351 |      0 |      0 |   4 |  807.2 |
               +--------+--------+--------+--------+--------+-----+--------+

Top non-repeatable levels by time:
     D:3: 1171 daAuts
     D:1: 797 daAuts
     D:2: 766 daAuts
     D:4: 494 daAuts
